 Dungeon Crawl Stone Soup version 0.26-a0-663-g36e8fdb655 (webtiles) character file.

Game seed: 10885113046069622770

343816 Lavandula the Severer (level 20, -12/145 HPs)
             Began as a Demonspawn Air Elementalist on Oct 10, 2020.
             Was an Elder of Sif Muna.
             Mangled by a vampire knight
             ... wielding a +3 bardiche
              (17 damage)
             ... on level 1 of the Crypt on Oct 11, 2020.
             The game lasted 03:49:10 (50421 turns).

Lavandula the Severer (DsAE)                       Turns: 50421, Time: 03:49:11

Health: -12/145    AC: 23    Str:  7    XL:     20   Next: 77%
Magic:  18/34      EV: 22    Int: 17    God:    Sif Muna [****..]
Gold:   300        SH:  0    Dex: 20    Spells: 9/48 levels left

rFire    + + .     SeeInvis +   A - +8 broad axe of Extinguishment {flame, *Noise rF++ rC+}
rCold    + . .     Faith    .   (no shield)
rNeg     + + .     Spirit   .   M - +2 robe {MR+}
rPois    +         Reflect  .   (helmet unavailable)
rElec    .         Harm     .   U - +2 ratskin cloak {*Rats rPois rN+ Str-1 Int-1 Dex+1}
rCorr    .         Rampage  +   L - +2 pair of gloves {archery}
MR       ++...                  z - +1 pair of boots {rampage}
Stlth    +++.......             N - amulet "Itzis" {Regen+ Slay+5}
HPRegen  0.74/turn              a - ring "Orur" {AC+4 Int-5 Dex+4 SInv}
MPRegen  0.24/turn              y - ring of positive energy

@: icy armour, tornado, flying (expiring), very slightly contaminated
A: antennae 3, beak, low mp 1, powered by death 3, spiny 3, weak 1, subdued
magic 1, sturdy frame 1
}: 3/15 runes: decaying, slimy, gossamer
a: Channel Magic, Forget Spell, Divine Exegesis, Renounce Religion


You were on level 1 of the Crypt.
You worshipped Sif Muna.
Sif Muna was greatly pleased with you.
You visited 8 branches of the dungeon, and saw 40 of its levels.
You also visited: Ice Cave.

You collected 3930 gold pieces.
You spent 3630 gold pieces at shops.

Inventory:

Hand Weapons
 A - the +8 broad axe of Extinguishment (weapon) {flame, *Noise rF++ rC+}
   (You bought it in a shop on level 2 of the Orcish Mines)

   It has been specially enchanted to burn those struck by it, causing extra
   injury to most foes and up to half again as much damage against particularly
   susceptible opponents.
   Big, fiery blades are also staple armaments of hydra-hunters.
   It greatly protects you from fire.
   It protects you from cold.
   It may make noises in combat.
 Q - a +6 vampiric demon trident
 Z - the +8 spear of Bisan {vorpal, rPois}
   (You took it off a spriggan rider on level 3 of the Lair of Beasts)

   It inflicts extra damage upon your enemies.
   It protects you from poison.
Missiles
 Y - 18 silver javelins (quivered)
Armour
 e - a scarf of repulsion
 z - a +1 pair of boots of rampaging (worn)
 L - a +2 pair of gloves of archery (worn)
 M - a +2 robe of magic resistance (worn)
 R - a scarf of resistance
 U - the +2 ratskin cloak (worn) {*Rats rPois rN+ Str-1 Int-1 Dex+1}
   (You found it on level 8 of the Dungeon)

   It affects your strength (-1).
   It affects your intelligence (-1).
   It affects your dexterity (+1).
   It protects you from poison.
   It protects you from negative energy.
Magical Staves
 g - an uncursed staff of air
Jewellery
 a - the ring "Orur" (left hand) {AC+4 Int-5 Dex+4 SInv}
   (You found it in an ice cave)

   [ring of protection]

   It affects your AC (+4).
   It affects your intelligence (-5).
   It affects your dexterity (+4).
   It lets you see invisible.
 b - an uncursed ring of resist corrosion
 r - an uncursed ring of protection from cold
 y - a ring of positive energy (right hand)
 H - an uncursed ring of protection from fire
 K - an uncursed ring of poison resistance
 N - the amulet "Itzis" (around neck) {Regen+ Slay+5}
   (You found it on level 3 of the Swamp)

   [amulet of regeneration]

   It affects your accuracy and damage with ranged weapons and melee attacks
   (+5).
   It increases your rate of regeneration.
Wands
 v - a wand of paralysis (32)
 F - a wand of iceblast (41)
 G - a wand of digging (7)
 S - a wand of acid (23)
 W - a wand of enslavement (11)
Scrolls
 c - 2 scrolls of identify
 d - 9 scrolls of amnesia
 h - 10 scrolls of magic mapping
 i - 4 scrolls of fear
 m - 11 scrolls of teleportation
 n - 5 scrolls of immolation
 p - 16 scrolls of remove curse
 t - a scroll of holy word
 u - 7 scrolls of fog
 E - 3 scrolls of silence
 P - a scroll of blinking
Potions
 f - 4 potions of haste
 j - a potion of flight
 k - 3 potions of heal wounds
 q - 2 potions of magic
 s - 3 potions of resistance
 x - 8 potions of ambrosia
 B - a potion of cancellation
 C - 5 potions of invisibility
 D - a potion of berserk rage
 I - 4 potions of stabbing
 J - 7 potions of curing
 O - 5 potions of brilliance
 T - 2 potions of might
Miscellaneous
 l - a tin of tremorstones (3/3)
 o - a box of beasts (3/3)
 w - a lightning rod (4/4)
 V - a phantom mirror
 X - a condenser vane (1/2)


   Skills:
 - Level 9.5 Fighting
   Level 2.4 Short Blades
 - Level 15.6(16.1) Axes
 - Level 7.0(12.4) Polearms
 - Level 11.3 Dodging
 - Level 4.5 Stealth
 + Level 14.5 Spellcasting
 - Level 10.0 Conjurations
 - Level 9.4 Summonings
 - Level 4.1 Translocations
 - Level 5.3 Transmutations
 - Level 9.6 Ice Magic
 - Level 11.0 Air Magic
 - Level 15.0 Invocations
 - Level 8.0 Evocations


You had 9 spell levels left.
You knew the following spells:

 Your Spells              Type           Power        Failure   Level
a - Shock                 Conj/Air       ####         1%          1
b - Swiftness             Air            #####...     1%          2
c - Shadow Creatures      Summ           N/A          14%         6
d - Airstrike             Air            #####.....   1%          4
e - Ensorcelled Hibernat  Hex/Ice        ###...       1%          2
f - Ozocubu's Armour      Ice            ####....     1%          3
g - Apportation           Tloc           ###...       1%          1
h - Blink                 Tloc           N/A          1%          2
i - Frozen Ramparts       Ice            ####..       1%          3
j - Summon Ice Beast      Ice/Summ       ####....     1%          4
k - Irradiate             Conj/Tmut      ####......   4%          5
l - Freezing Cloud        Conj/Ice/Air   #####.....   10%         6

Your spell library contained the following spells:

 Spells                   Type           Power        Failure   Level
 Beastly Appendage        Tmut           ###...       1%          1
 Foxfire                  Conj/Fire      ###.         1%          1
 Freeze                   Ice            ####         1%          1
 Magic Dart               Conj           ####         1%          1
 Sting                    Tmut/Pois      ###.         1%          1
 Summon Small Mammal      Summ           ####         1%          1
 Call Imp                 Summ           ####....     1%          2
 Corpse Rot               Necr/Air       N/A          1%          2
 Passwall                 Tmut/Erth      ###.....     1%          2
 Poisonous Vapours        Pois/Air       ###...       1%          2
 Searing Ray              Conj           #####.       1%          2
 Wereblood                Tmut           ###.....     1%          2
 Call Canine Familiar     Summ           ####....     1%          3
 Conjure Flame            Conj/Fire      ###.....     1%          3
 Dazzling Flash           Conj/Hex       ###...       1%          3
 Mephitic Cloud           Conj/Pois/Air  ####....     1%          3
 Static Discharge         Conj/Air       #####...     1%          3
 Stone Arrow              Conj/Erth      ###...       1%          3
 Summon Guardian Golem    Hex/Summ       ###.....     1%          3
 Hailstorm                Conj/Ice       #####...     1%          4
 Ice Form                 Ice/Tmut       ####....     1%          4
 Summon Lightning Spire   Summ/Air       #####...     1%          4
 Lightning Bolt           Conj/Air       #####.....   1%          5
 Gell's Gravitas          Tloc           ###.......   2%          3
 Lesser Beckoning         Tloc           ###.......   2%          3
 Teleport Other           Tloc           ###.....     2%          3
 Iskenderun's Mystic Bla  Conj/Tloc      ####....     2%          4
 Animate Skeleton         Necr           #.....       4%          1
 Corona                   Hex            #......      4%          1
 Pain                     Necr           #...         4%          1
 Sandblast                Erth           #.....       4%          1
 Spider Form              Tmut/Pois      ###.......   4%          3
 Ignite Poison            Fire/Tmut/Pois ##......     6%          3
 Slow                     Hex            #.......     7%          2
 Sublimation of Blood     Necr           #.........   7%          2
 Passage of Golubria      Tloc           N/A          8%          4
 Summon Forest            Summ/Tloc      ####......   8%          5
 Conjure Ball Lightning   Conj/Air       #####.....   9%          6
 Confusing Touch          Hex            #.......     13%         3
 Tukima's Dance           Hex            #.......     13%         3
 Vampiric Draining        Necr           #.........   13%         3
 Blade Hands              Tmut           ###.......   13%         5
 Silence                  Hex/Air        ###.......   13%         5
 Petrify                  Tmut/Erth      ###.....     16%         4
 Fireball                 Conj/Fire      ###.......   16%         5
 Metabolic Englaciation   Hex/Ice        ###.......   17%         5
 Bolt of Magma            Conj/Fire/Erth ###.......   32%         5
 Animate Dead             Necr           #.........   43%         4
 Cause Fear               Hex            #.........   43%         4
 Leda's Liquefaction      Hex/Erth       #.........   43%         4
 Olgreb's Toxic Radiance  Pois           #.......     43%         4
 Iron Shot                Conj/Erth      ###.......   67%         6
 Simulacrum               Ice/Necr       ###.......   71%         6
 Agony                    Necr           #.......     80%         5
 Borgnjor's Vile Clutch   Necr/Erth      #.........   80%         5
 Excruciating Wounds      Necr           #.........   80%         5
 Lee's Rapid Deconstruct  Erth           #.........   80%         5
 Eringya's Noxious Bog    Tmut/Pois      ###.......   94%         6
 Statue Form              Tmut/Erth      ###......    94%         6
 Malign Gateway           Summ/Tloc      ####......   95%         7
 Dragon Form              Tmut           ###.......   99%         7
 Haunt                    Necr/Summ      ###.......   99%         7
 Chain Lightning          Conj/Air       #####.....   99%         8
 Ignition                 Fire           #.........   100%        8
 Lehudib's Crystal Spear  Conj/Erth      ###.......   100%        8
 Dragon's Call            Summ           ####......   100%        9
 Fire Storm               Conj/Fire      ###.......   100%        9
 Shatter                  Erth           #.........   100%        9
 Tornado                  Air            #####.....   100%        9


Dungeon Overview and Level Annotations

Branches:
Dungeon (14/15)            Temple (0/1) D:5            Lair (6/6) D:11
  Swamp (4/4) Lair:4       Spider (4/4) Lair:2        Slime (5/5) Lair:5
    Orc (2/2) D:12            Elf (0/3) Orc:2        Vaults (4/5) D:13
  Crypt (1/3) Vaults:3      IceCv (visited)

Altars:
Ashenzari
Cheibriados
Fedhas
Kikubaaqudgha
Qazlal
Ru
Sif Muna
Trog
Uskayaw
Wu Jian
Xom
The Shining One
Jiyva

Shops:
D:5 (   D:7 (   D:8 ?[}*   D:12 [(   Orc:1 *   Orc:2 :*[(   Vaults:2 [
Vaults:3 **

Annotations:
D:2 1 exclusion
D:6 exclusion: upstairs
Spider:1 Frances
Slime:2 Dissolution
Vaults:3 1 exclusion


Innate Abilities, Weirdness & Mutations

You have a pair of large antennae on your head. (SInv)
You regenerate a lot of health from kills.
You are completely covered in sharp spines.
Your movements are slightly less encumbered by armour. (ER -2)
You have a beak for a mouth.
Your magical capacity is low. (-10% MP)
You are weak. (Str -2)
Your spells are a little easier to cast, but a little less powerful.


Message History

The jiangshi claws you but does no damage.
The jiangshi claws you. The jiangshi claws you!
The jiangshi draws strength from your injuries!
The jiangshi claws you.
The jiangshi claws you but does no damage.
The jiangshi barely misses you. The jiangshi is struck by your spines.
The jiangshi claws you!
A river rat scurries out from under your cloak.
The jiangshi draws strength from your injuries!
The jiangshi claws you.
The jiangshi draws strength from your injuries!
The jiangshi claws you!!
* * * LOW HITPOINT WARNING * * *
The jiangshi draws strength from your injuries!
The jiangshi claws you!!
* * * LOW HITPOINT WARNING * * *
The jiangshi draws strength from your injuries!
The jiangshi completely misses you. x2
The vampire knight hits you from afar with a +3 bardiche!
You die...

..........................
..........................
..........................
...............)......####
..#####.......#####...'...
.##}$/##§§...##(:$##..#...
#=|[$[#r§§V§#?$!()#..####
#+######VVV######+#......
....§r§@V§'..... #......
#....§§VV§V..... #......
##..§V§§§V§....###......
#.#.§.§§..§...#.#....... #
##.........## #.......
#.#..#.#..#.#...######
####.....#### #######


You could see 3 vampire knights, 7 jiangshi, a hell rat and a friendly river
rat.

Vanquished Creatures
  the Royal Jelly (Slime:5)
  Saint Roka (Orc:2)
  Frederick (Vaults:2)
  the Lernaean hydra (Swamp:4)
  A shard shrike zombie (Crypt:1)
  An Ice Fiend (IceCv)
  A lich (Vaults:4)
  25 acid blobs
  Agnes (Vaults:2)
  Donald (Swamp:3)
  A tengu reaver (Vaults:4)
  13 azure jellies
  The ghost of Lesodd the Deadly Accurate, an adept OpBe of Trog (Swamp:3)
  A fire giant (Vaults:4)
  7 vault wardens
  4 ghost moths
  An orc warlord (Orc:2)
  A frost giant (Vaults:1)
  4 emperor scorpions
  A ghoul (Crypt:1)
  5 stone giants
  11 ironheart preservers
  A deep elf annihilator (Vaults:4)
  2 vampire knights
  3 entropy weavers
  2 deep elf demonologists (Vaults:4)
  A spark wasp (Spider:4)
  The ghost of chispire the Blocker, a journeyman MiBe of Trog (Lair:3)
  2 deep elf death magi (Vaults:4)
  2 fire dragons
  An ettin (Vaults:4)
  3 yaktaur captains
  7 death oozes (Slime:5)
  2 jiangshi (Crypt:1)
  3 great orbs of eyes
  11 vault guards
  An ice dragon (Vaults:1)
  14 hydras
  2 shambling mangroves
  3 boulder beetles
  11 two-headed ogres
  Erica (Lair:1)
  4 ogre magi
  3 death knights
  6 centaur warriors
  Urug (Lair:1)
  A deep troll earth mage (Vaults:1)
  An alligator (Swamp:4)
  12 death yaks
  3 orc high priests (Orc:2)
  4 vampire magi
  A deep elf knight (Vaults:1)
  2 shadow wraiths
  6 skeletal warriors
  An unseen horror (D:12)
  2 flayed ghosts
  6 deep trolls (Vaults:1)
  A spriggan druid (Swamp:4)
  3 phantasmal warriors
  2 necromancers
  6 swamp dragons
  A lindwurm (Lair:5)
  8 ironbrand convokers
  5 wizards
  9 orc knights
  4 harpies (Vaults:4)
  7 shining eyes
  4 orc sorcerers (Orc:2)
  3 cyclopes
  26 wolf spiders
  10 ugly things (Vaults:4)
  A frost giant zombie (Vaults:3)
  A moth of wrath (Spider:4)
  9 orb spiders
  84 slime creatures
  A tengu skeleton (Vaults:3)
  6 deep elf magi
  4 oklob plants (Lair:5)
  7 elephants
  8 vault sentinels
  7 black mambas
  2 torpor snails
  3 ice statues
  2 molten gargoyles (Lair:6)
  5 eyes of devastation
  19 cane toads
  A gargoyle (D:11)
  18 yaktaurs
  12 komodo dragons
  6 ice devils (IceCv)
  A human zombie (Vaults:3)
  A centaur skeleton (D:13)
  11 freezing wraiths
  4 rime drakes
  2 anaconda simulacra (IceCv)
  15 demonic crawlers
  19 jumping spiders
  3 polar bears
  A golden dragon simulacrum (IceCv)
  A queen bee (shapeshifter) (Vaults:1)
  A wolf spider simulacrum (IceCv)
  A meliai (shapeshifter) (Vaults:3)
  7 trolls
  Prince Ribbit (D:8)
  9 bog bodies
  19 hornets
  12 blink frogs
  3 tyrant leeches (Swamp:3)
  The ghost of Turbonekonecno the Stinger, an amateur OpVM of Sif Muna (D:4)
  A shadow (Swamp:2)
  3 dream sheep (Lair:3)
  51 redbacks
  30 tarantellas
  8 wyverns
  A vampire (D:9)
  4 wraiths
  57 yaks
  6 spriggans
  A tarantella (shapeshifter) (D:13)
  A human (shapeshifter) (Vaults:3)
  6 basilisks
  A dire elephant simulacrum (IceCv)
  3 fire elementals (D:12)
  20 humans (D:13)
  2 steam dragons
  3 wargs
  5 vampire mosquitoes
  6 insubstantial wisps (Swamp:2)
  A yaktaur simulacrum (Vaults:3)
  4 iron troll simulacra (IceCv)
  4 harpy simulacra (IceCv)
  8 swamp worms
  6 hydra simulacra (IceCv)
  A soldier ant (D:13)
  14 water moccasins
  5 hell hounds (Lair:6)
  31 orc warriors
  8 swamp drakes
  5 ice beasts
  2 black bears
  7 eyes of draining
  3 phantoms
  10 boggarts
  8 centaurs
  2 ettin simulacra
  A necrophage (Crypt:1)
  12 wolves
  14 ogres
  15 bullfrogs
  A draconian zombie (Crypt:1)
  A wyvern zombie (D:7)
  3 scorpions
  11 killer bees
  2 howler monkeys (D:5)
  22 wights
  2 electric eels (D:9)
  3 nameless horrors
  5 centaur zombies
  A bullfrog zombie (D:12)
  2 jellies (D:10)
  4 lava snakes (Lair:6)
  A quasit (D:4)
  2 draconian simulacra (IceCv)
  7 hounds
  15 orc priests
  Terence (D:2)
  4 bullfrog skeletons
  2 iguanas
  11 worker ants
  24 orc wizards
  A hell rat (D:8)
  A polar bear simulacrum (IceCv)
  5 troll simulacra (IceCv)
  2 spriggan simulacra (IceCv)
  2 hound zombies
  A hound skeleton (D:7)
  Robin (D:2)
  3 gnolls
  21 adders
  4 naga simulacra (IceCv)
  5 ogre simulacra (IceCv)
  6 river rats (D:8)
  4 shadow imps
  8 white imps
  3 ufetubi (IceCv)
  An adder zombie (D:5)
  2 worms (D:2)
  7 leopard geckos
  74 orcs
  5 bats
  4 giant cockroaches
  13 goblins
  8 hobgoblins
  15 jackals
  7 quokkas
  2 ball pythons (D:3)
  4 frilled lizards
  A jackal skeleton (D:4)
  5 kobolds
  A quokka skeleton (D:7)
  16 rats
  A bush (Lair:6)
1334 creatures vanquished.

Vanquished Creatures (collateral kills)
  Mara (Spider:3)
  Asterion (Spider:2)
  8 acid blobs
  2 ancient champions
  A thorn hunter (Swamp:3)
  An azure jelly (Slime:5)
  A fire giant (Vaults:3)
  A draconian knight (Vaults:2)
  An emperor scorpion (Spider:4)
  2 vault wardens
  A stone giant (Vaults:3)
  An eidolon (Crypt:1)
  A jiangshi (Crypt:1)
  A great orb of eyes (Vaults:1)
  9 hydras
  3 vault guards (Vaults:1)
  5 two-headed ogres
  2 alligators (Swamp:1)
  3 death yaks (Lair:6)
  A death knight (Vaults:3)
  11 slime creatures
  A skeletal warrior (D:12)
  2 swamp dragons (Swamp:4)
  A wizard (Vaults:3)
  3 ironbrand convokers
  A lindwurm (Lair:6)
  4 orc knights
  An orb spider (Spider:1)
  An iron dragon zombie (Crypt:1)
  4 ugly things (Vaults:1)
  5 orc sorcerers
  3 wolf spiders
  2 vault sentinels
  A black mamba (Lair:6)
  2 cane toads
  2 demonic crawlers
  A freezing wraith (Crypt:1)
  A catoblepas skeleton (Crypt:1)
  2 trolls
  3 hornets
  5 tyrant leeches
  7 bog bodies
  A wyvern (Lair:6)
  7 redbacks
  3 yaks
  2 tarantellas (Spider:3)
  A wraith (Crypt:1)
  A vampire mosquito (Swamp:1)
  8 swamp worms
  4 wargs (Orc:2)
  3 swamp drakes
  10 orc warriors
  A boggart (Vaults:1)
  6 ogres
  A warg zombie (Crypt:1)
  4 wights (D:12)
  A hound (D:9)
  5 orc wizards
  8 orc priests
  A centaur skeleton (Crypt:1)
  14 orcs
190 creatures vanquished.

Vanquished Creatures (others)
  A redback (Spider:3)
  A yak (D:12)
  A centaur (D:9)
  2 orc wizards (Orc:2)
  50 fungi
  60 plants
  2 withered plants (Swamp:3)
117 creatures vanquished.

Grand Total: 1641 creatures vanquished

Notes
Turn   | Place    | Note
-------+----------+-------------------------------------------
     0 | D:1      | Lavandula the Demonspawn Air Elementalist began the quest
                  | for the Orb.
     0 | D:1      | Reached XP level 1. HP: 13/13 MP: 3/3
   331 | D:1      | Gained mutation: You are partially covered in sharp spines.
                  | [demonic ancestry]
   331 | D:1      | Reached XP level 2. HP: 17/19 MP: 5/5
   740 | D:2      | Reached XP level 3. HP: 24/24 MP: 2/6
   942 | D:2      | Noticed a moth of wrath
   997 | D:2      | Found a bloodstained altar of Trog.
  1028 | D:2      | Noticed Robin
  1041 | D:2      | Reached skill level 1 in Short Blades
  1079 | D:2      | Killed Robin
  1079 | D:2      | Gained mutation: You are mostly covered in sharp spines.
                  | [demonic ancestry]
  1079 | D:2      | Reached XP level 4. HP: 25/30 MP: 1/7
  1571 | D:2      | Noticed Terence
  1577 | D:2      | Killed Terence
  1881 | D:3      | Learned a level 2 spell: Swiftness
  1885 | D:3      | Learned a level 3 spell: Static Discharge
  2168 | D:3      | Reached XP level 5. HP: 35/35 MP: 3/8
  2490 | D:3      | Learned a level 4 spell: Airstrike
  2780 | D:3      | Found a faded altar of an unknown god.
  3047 | D:4      | Found a snail-covered altar of Cheibriados.
  3642 | D:4      | Found a runed translucent door.
  3644 | D:4      | Noticed Turbonekonecno's ghost (amateur OpVM)
  3759 | D:5      | Entered Level 5 of the Dungeon
  3759 | D:5      | Noticed an ice beast
  3764 | D:5      | Gained mutation: You have a pair of small antennae on your
                  | head. [demonic ancestry]
  3764 | D:5      | Reached XP level 6. HP: 41/41 MP: 4/10
  3795 | D:4      | Killed an ice beast
  3795 | D:4      | Reached skill level 5 in Air Magic
  4128 | D:5      | Found a staircase to the Ecumenical Temple.
  4132 | D:5      | Noticed an ice beast
  4420 | D:4      | Killed Turbonekonecno's ghost
  4420 | D:4      | Gained mutation: You regenerate a little health from kills.
                  | [demonic ancestry]
  4420 | D:4      | Reached XP level 7. HP: 17/46 MP: 7/11
  4463 | D:4      | Identified Sif Muna's Volume of Ice and Black Magic
  4506 | D:4      | Learned a level 2 spell: Ensorcelled Hibernation
  4976 | D:5      | Found an ornate altar of the Wu Jian Council.
  5082 | D:5      | Found a blossoming altar of Fedhas.
  5082 | D:5      | Found a broken altar of Ashenzari.
  5086 | D:5      | Found a shimmering altar of Xom.
  5086 | D:5      | Found a sacrificial altar of Ru.
  5087 | D:5      | Found a shimmering blue altar of Sif Muna.
  5098 | D:5      | Became a worshipper of Sif Muna the Loreminder
  5378 | D:6      | Found a glowing golden altar of the Shining One.
  5700 | D:6      | Reached XP level 8. HP: 44/52 MP: 5/12
  5803 | D:6      | Found a hide-covered altar of Uskayaw.
  6198 | D:5      | Found Ynwemnif's Weapon Shoppe.
  6799 | D:7      | Learned a level 3 spell: Ozocubu's Armour
  7001 | D:7      | Found Dachyec's Weapon Emporium.
  7130 | D:7      | Reached skill level 5 in Spellcasting
  7251 | D:7      | Reached skill level 1 in Fighting
  7437 | D:8      | Found Giuw's Armour Shoppe.
  7451 | D:8      | Bought a +0 pair of gloves of archery for 161 gold pieces
  7451 | D:8      | Bought a +2 robe of magic resistance for 247 gold pieces
  7467 | D:8      | Noticed Prince Ribbit
  7475 | D:8      | Killed Prince Ribbit
  7475 | D:8      | Reached XP level 9. HP: 62/62 MP: 9/16
  7493 | D:8      | Reached * piety under Sif Muna
  7517 | D:8      | Found Xotweg's Magic Scroll Emporium.
  7609 | D:8      | Found Halorir's Gadget Boutique.
  7945 | D:8      | Found Qipleiph's General Store.
  7953 | D:8      | Bought a potion of flight for 39 gold pieces
  8083 | D:8      | Found the +2 ratskin cloak {*Rats rPois rN+ Str-1 Int-1
                  | Dex+1}
  8345 | D:9      | Reached skill level 5 in Fighting
  8672 | D:9      | Reached ** piety under Sif Muna
  8679 | D:9      | Noticed a two-headed ogre
  8784 | D:9      | Killed a two-headed ogre
  9115 | D:9      | Reached XP level 10. HP: 82/82 MP: 4/17
  9593 | D:9      | Found a stormy altar of Qazlal.
  9983 | D:10     | Entered Level 10 of the Dungeon
 10156 | D:10     | Reached *** piety under Sif Muna
 10867 | D:10     | Learned a level 6 spell: Freezing Cloud
 10912 | D:10     | Reached skill level 1 in Ice Magic
 11651 | D:11     | Noticed a two-headed ogre
 11698 | D:10     | Killed a two-headed ogre
 11825 | D:11     | Reached skill level 5 in Ice Magic
 11883 | D:11     | Noticed a gargoyle
 12049 | D:11     | You fall into a shaft and drop 3 floors!
 12164 | D:14     | Reached skill level 1 in Evocations
 12164 | D:14     | Gained mutation: You have a pair of antennae on your head.
                  | [demonic ancestry]
 12164 | D:14     | Reached XP level 11. HP: 48/89 MP: 21/21
 12466 | D:13     | Noticed a centaur warrior
 12471 | D:13     | Killed a centaur warrior
 12597 | D:13     | Reached **** piety under Sif Muna
 13374 | D:13     | Noticed a centaur warrior
 13381 | D:13     | Killed a centaur warrior
 13381 | D:13     | Reached skill level 5 in Dodging
 13590 | D:12     | Found Zilen's Weapon Shop.
 13590 | D:12     | Noticed an orc knight
 13591 | D:12     | Found a staircase to the Orcish Mines.
 13591 | D:12     | Noticed an orc knight
 13665 | D:13     | Killed an orc knight
 14394 | D:12     | Reached skill level 5 in Invocations
 14510 | D:12     | Noticed a skeletal warrior
 14515 | D:12     | Noticed a skeletal warrior
 14519 | D:12     | Noticed a skeletal warrior
 14919 | D:11     | Found a staircase to the Lair.
 15080 | D:11     | Gained mutation: You have a pair of large antennae on your
                  | head. (SInv) [demonic ancestry]
 15080 | D:11     | Reached XP level 12. HP: 96/96 MP: 22/22
 15189 | Lair:1   | Entered Level 1 of the Lair of Beasts
 15464 | Lair:1   | Noticed Erica
 15465 | Lair:1   | Noticed Urug
 15654 | Lair:1   | Killed Erica
 15725 | Lair:1   | Reached skill level 10 in Invocations
 15990 | Lair:1   | Killed Urug
 17052 | Lair:2   | Found an ancient bone altar of Kikubaaqudgha.
 17171 | Lair:2   | Learned a level 2 spell: Blink
 17412 | Lair:2   | Reached skill level 5 in Conjurations
 17493 | Lair:2   | Found a hole to the Spider Nest.
 17787 | Lair:2   | Noticed a death yak
 17787 | Lair:2   | Noticed a death yak
 17787 | Lair:2   | Noticed a death yak
 17787 | Lair:2   | Noticed a death yak
 17787 | Lair:2   | Noticed a death yak
 17789 | Lair:2   | Noticed a death yak
 17797 | Lair:2   | Killed a death yak
 17797 | Lair:2   | Killed a death yak
 17797 | Lair:2   | Killed a death yak
 17799 | Lair:2   | Killed a death yak
 17827 | Lair:2   | Killed a death yak
 17828 | Lair:2   | Killed a death yak
 18223 | Lair:3   | Gained mutation: You regenerate health from kills. [demonic
                  | ancestry]
 18223 | Lair:3   | Reached XP level 13. HP: 101/101 MP: 15/23
 18407 | Lair:3   | Found a runed translucent door.
 19894 | Lair:4   | Found a staircase to the Swamp.
 19908 | Lair:4   | Reached skill level 10 in Conjurations
 20382 | Lair:3   | Noticed chispire's ghost (journeyman MiBe)
 20384 | Lair:3   | Identified the +8 spear of Bisan {vorpal, rPois}
 20418 | Lair:3   | Killed chispire's ghost
 20649 | Lair:4   | Learned a level 3 spell: Frozen Ramparts
 21612 | Lair:5   | Reached skill level 1 in Polearms
 22153 | Lair:6   | Entered Level 6 of the Lair of Beasts
 22555 | Lair:5   | Found a staircase to the Slime Pits.
 22941 | Lair:6   | Reached ***** piety under Sif Muna
 23250 | Lair:6   | Reached skill level 5 in Polearms
 23295 | Lair:6   | Reached XP level 14. HP: 29/108 MP: 3/27
 24071 | Lair:6   | Learned a level 4 spell: Summon Ice Beast
 24198 | Lair:6   | Reached skill level 1 in Summonings
 24943 | Lair:6   | Reached skill level 5 in Summonings
 25229 | Lair:6   | Found a large runed translucent door.
 25229 | Lair:6   | Found a large runed translucent door.
 25573 | Lair:6   | Received a gift from Sif Muna
 26269 | D:11     | Reached skill level 1 in Translocations
 26522 | D:12     | Found Vunoll's Armour Shop.
 28055 | D:12     | Identified the Disquisition on Mutagenic Earth
 28114 | D:12     | You fall into a shaft and drop 1 floor!
 28420 | Orc:1    | Entered Level 1 of the Orcish Mines
 28424 | Orc:1    | Reached skill level 10 in Spellcasting
 28830 | Orc:1    | Found Umyz's General Store.
 29079 | Orc:1    | Bought a potion of curing for 36 gold pieces
 29499 | Orc:2    | Entered Level 2 of the Orcish Mines
 29759 | Orc:2    | Identified Sif Muna's Collected Works on Attacks (Sif Muna
                  | gifted it to you on level 2 of the Orcish Mines)
 29759 | Orc:2    | Received a gift from Sif Muna
 30032 | Orc:2    | Noticed Saint Roka
 30038 | Orc:2    | Gained mutation: Your movements are slightly less
                  | encumbered by armour. (ER -2) [demonic ancestry]
 30038 | Orc:2    | Reached XP level 15. HP: 73/114 MP: 17/29
 30058 | Orc:2    | Killed Saint Roka
 30382 | Orc:2    | Noticed an orc warlord
 30394 | Orc:2    | Killed an orc warlord
 30501 | Orc:2    | Learned a level 5 spell: Irradiate
 30888 | Orc:2    | Gained mutation: Your body sometimes deteriorates upon
                  | taking damage. [a neqoxec]
 31017 | Orc:2    | Found a staircase to the Elven Halls.
 31394 | Orc:2    | Found Ypot Faxt's General Store.
 31395 | Orc:2    | Found Zupnuix's Book Emporium.
 31396 | Orc:2    | Found Jeopn's Antique Armour Shoppe.
 31396 | Orc:2    | Found Amuuzxa's Antique Weapon Shoppe.
 31403 | Orc:2    | Bought a bloodstained broad axe for 315 gold pieces
 31409 | Orc:2    | Identified the +8 broad axe of Extinguishment {flame,
                  | *Noise rF++ rC+} (You bought it in a shop on level 2 of the
                  | Orcish Mines)
 31419 | Orc:2    | Bought a potion of cancellation for 88 gold pieces
 31606 | Swamp:1  | Entered Level 1 of the Swamp
 31617 | Swamp:1  | Reached skill level 1 in Axes
 31693 | Swamp:1  | Identified Jacae's Guide on Aerial Confrontation (Sif Muna
                  | gifted it to you on level 1 of the Swamp)
 31693 | Swamp:1  | Received a gift from Sif Muna
 32501 | Swamp:1  | Reached skill level 5 in Axes
 33129 | Swamp:2  | Reached skill level 1 in Transmutations
 34016 | Swamp:3  | Noticed Donald
 34041 | Swamp:3  | Killed Donald
 34712 | Swamp:3  | Noticed a thorn hunter
 34735 | Swamp:3  | Killed a thorn hunter
 34735 | Swamp:3  | Reached skill level 5 in Transmutations
 34985 | Swamp:3  | Found a runed translucent door.
 34985 | Swamp:3  | Noticed Lesodd's ghost (adept OpBe)
 35078 | Swamp:3  | Killed Lesodd's ghost
 35097 | Swamp:3  | Got an ancient tin amulet
 35431 | Swamp:4  | Entered Level 4 of the Swamp
 35794 | Swamp:4  | Gained mutation: You regenerate a lot of health from kills.
                  | [demonic ancestry]
 35794 | Swamp:4  | Reached XP level 16. HP: 91/120 MP: 22/31
 35812 | Swamp:4  | Reached skill level 5 in Evocations
 36360 | Swamp:4  | Lost mutation: Your body sometimes deteriorates upon taking
                  | damage. [potion of mutation]
 36360 | Swamp:4  | Gained mutation: You are weak. (Str -2) [potion of
                  | mutation]
 36360 | Swamp:4  | Gained mutation: You are very weak. (Str -4) [potion of
                  | mutation]
 36360 | Swamp:4  | Gained mutation: You have large cloven feet. [potion of
                  | mutation]
 36401 | Swamp:4  | Noticed the 27-headed Lernaean hydra
 36418 | Swamp:4  | Killed the 27-headed Lernaean hydra
 36660 | Swamp:4  | Got a decaying rune of Zot
 36684 | Swamp:4  | Identified the amulet "Itzis" {Regen+ Slay+5} (You found it
                  | on level 3 of the Swamp)
 37011 | Spider:1 | Entered Level 1 of the Spider Nest
 37129 | Orc:2    | Bought a book of the Dragon for 1080 gold pieces
 37266 | D:8      | Bought a scroll of teleportation for 45 gold pieces
 37266 | D:8      | Bought a scroll of immolation for 52 gold pieces
 37266 | D:8      | Bought a scroll of teleportation for 45 gold pieces
 37266 | D:8      | Bought a scroll of immolation for 52 gold pieces
 37266 | D:8      | Bought a scroll of fog for 30 gold pieces
 37266 | D:8      | Bought a scroll of identify for 30 gold pieces
 37266 | D:8      | Bought a scroll of identify for 30 gold pieces
 37266 | D:8      | Bought a scroll of identify for 30 gold pieces
 37266 | D:8      | Bought a scroll of identify for 30 gold pieces
 38075 | Spider:1 | Identified Sif Muna's Almanac of Translocation and the
                  | Mountains (Sif Muna gifted it to you on level 1 of the
                  | Spider Nest)
 38075 | Spider:1 | Received a gift from Sif Muna
 38094 | Spider:1 | Learned a level 1 spell: Apportation
 38514 | Spider:1 | Noticed Frances
 38697 | Spider:2 | Noticed Asterion
 38707 | Spider:2 | Killed Asterion
 38711 | Spider:2 | You fall into a shaft and drop 1 floor!
 38997 | Spider:3 | Found a frozen archway.
 39046 | IceCv    | Entered an ice cave
 39278 | IceCv    | Reached skill level 10 in Axes
 40344 | IceCv    | Noticed an Ice Fiend
 40346 | IceCv    | Killed an Ice Fiend
 40361 | IceCv    | Identified the ring "Orur" {AC+4 Int-5 Dex+4 SInv} (You
                  | found it in an ice cave)
 40406 | IceCv    | Got an ichor-stained chain mail
 40417 | IceCv    | Identified the cursed +1 chain mail "Poomne Ogyex" {rPois
                  | Str-2 SInv} (You found it in an ice cave)
 40498 | Spider:3 | Noticed Mara
 40507 | Spider:3 | Noticed Lavandula's illusion
 40508 | Spider:3 | Killed Mara
 40508 | Spider:3 | Reached XP level 17. HP: 71/126 MP: 9/32
 41011 | Spider:4 | Entered Level 4 of the Spider Nest
 41322 | Spider:4 | Identified Sif Muna's Disquisition on the Harmful
                  | Snowflakes (Sif Muna gifted it to you on level 4 of the
                  | Spider Nest)
 41322 | Spider:4 | Received a gift from Sif Muna
 42192 | Spider:4 | Got a gossamer rune of Zot
 42424 | Slime:1  | Entered Level 1 of the Pits of Slime
 42610 | Slime:2  | Noticed an acid blob
 42617 | Slime:2  | Killed an acid blob
 42617 | Slime:2  | Noticed an acid blob
 42620 | Slime:2  | Noticed Dissolution
 42752 | Slime:1  | You fall into a shaft and drop 1 floor!
 42753 | Slime:2  | Noticed an acid blob
 42753 | Slime:2  | Noticed an acid blob
 42758 | Slime:2  | Killed an acid blob
 42759 | Slime:2  | Killed an acid blob
 42760 | Slime:2  | Noticed an acid blob
 42760 | Slime:2  | Noticed an acid blob
 42761 | Slime:2  | Noticed an acid blob
 42765 | Slime:2  | Killed an acid blob
 42766 | Slime:2  | Killed an acid blob
 42766 | Slime:2  | Killed an acid blob
 42898 | Slime:2  | Noticed an acid blob
 42923 | Slime:3  | Noticed an acid blob
 42925 | Slime:3  | Noticed an acid blob
 42927 | Slime:3  | Noticed an acid blob
 43106 | Slime:2  | Killed an acid blob
 43151 | Slime:2  | Killed an acid blob
 43209 | Slime:3  | Noticed an acid blob
 43276 | Slime:2  | Killed an acid blob
 43311 | Slime:3  | Noticed an acid blob
 43313 | Slime:3  | Killed an acid blob
 43444 | Slime:3  | Gained mutation: Your body sometimes deteriorates upon
                  | taking damage. [a shining eye]
 43446 | Slime:3  | Gained mutation: Your magical capacity is low. (-10% MP) [a
                  | shining eye]
 43449 | Slime:2  | Reached XP level 18. HP: 101/133 MP: 24/30
 43499 | Slime:2  | Gained mutation: Your spells are a little easier to cast,
                  | but a little less powerful. [a shining eye]
 43502 | Slime:2  | Reached skill level 10 in Air Magic
 43897 | Slime:4  | Identified Sif Muna's Collected Works on Stolen Souls (Sif
                  | Muna gifted it to you on level 4 of the Pits of Slime)
 43897 | Slime:4  | Received a gift from Sif Muna
 44009 | Slime:5  | Entered Level 5 of the Pits of Slime
 44036 | Slime:5  | Noticed the Royal Jelly
 44403 | Slime:5  | Gained mutation: You are frail. (-10% HP) [a shining eye]
 44405 | Slime:5  | Gained mutation: Your body often deteriorates upon taking
                  | damage. [a shining eye]
 44591 | Slime:5  | Found a viscous altar of Jiyva.
 44616 | Slime:5  | Reached skill level 15 in Invocations
 44632 | Slime:5  | Gained mutation: You tend to lose your temper in combat. [a
                  | shining eye]
 44790 | Slime:5  | Learned a level 6 spell: Shadow Creatures
 44798 | Slime:5  | Gained mutation: Your magical capacity is very low. (-20%
                  | MP) [a shining eye]
 44857 | Slime:5  | Gained mutation: Your magical capacity is extremely low.
                  | (-30% MP) [a shining eye]
 45126 | Slime:5  | Killed the Royal Jelly
 45337 | Slime:5  | Got a slimy rune of Zot
 45441 | Slime:5  | Identified the Guide on Changing and the Traveller
 45529 | Lair:5   | Lost mutation: Your body often deteriorates upon taking
                  | damage. [potion of mutation]
 45529 | Lair:5   | Gained mutation: You are agile. (Dex +2) [potion of
                  | mutation]
 45529 | Lair:5   | Gained mutation: You evolve. [potion of mutation]
 45530 | Lair:5   | Lost mutation: Your magical capacity is extremely low.
                  | (-30% MP) [potion of mutation]
 45530 | Lair:5   | Lost mutation: You evolve. [potion of mutation]
 45530 | Lair:5   | Lost mutation: You are frail. (-10% HP) [potion of
                  | mutation]
 45530 | Lair:5   | Lost mutation: Your magical capacity is very low. (-20% MP)
                  | [potion of mutation]
 45530 | Lair:5   | Gained mutation: You often lose your temper in combat.
                  | [potion of mutation]
 45530 | Lair:5   | Gained mutation: You have a beak for a mouth. [potion of
                  | mutation]
 45531 | Lair:5   | Lost mutation: Your body sometimes deteriorates upon taking
                  | damage. [potion of mutation]
 45531 | Lair:5   | Lost mutation: You often lose your temper in combat.
                  | [potion of mutation]
 45531 | Lair:5   | Lost mutation: You tend to lose your temper in combat.
                  | [potion of mutation]
 45531 | Lair:5   | Lost mutation: You are agile. (Dex +2) [potion of mutation]
 45531 | Lair:5   | Lost mutation: You have large cloven feet. [potion of
                  | mutation]
 45531 | Lair:5   | Lost mutation: You are very weak. (Str -4) [potion of
                  | mutation]
 45816 | D:13     | Found a gate to the Vaults.
 45840 | Vaults:1 | Entered Level 1 of the Vaults
 45855 | Vaults:1 | Reached XP level 19. HP: 64/138 MP: 17/31
 46223 | Vaults:1 | Identified Sif Muna's Reference Book on Calling and the
                  | Frostbite (Sif Muna gifted it to you on level 1 of the
                  | Vaults)
 46223 | Vaults:1 | Received a gift from Sif Muna
 46362 | Vaults:1 | Reached skill level 15 in Axes
 46674 | Vaults:1 | You fall into a shaft and drop 1 floor!
 46730 | Vaults:2 | Noticed Frederick
 46730 | Vaults:2 | Noticed Agnes
 46743 | Vaults:2 | Killed Agnes
 46748 | Vaults:2 | Killed Frederick
 46812 | Vaults:2 | Found Qoalanoos's Antique Armour Boutique.
 48057 | Vaults:3 | Gained mutation: You are completely covered in sharp
                  | spines. [demonic ancestry]
 48057 | Vaults:3 | Reached XP level 20. HP: 126/145 MP: 20/33
 48460 | Vaults:4 | Reached skill level 10 in Dodging
 48702 | Vaults:4 | Identified Sif Muna's Catalogue of Supportive Ignition (Sif
                  | Muna gifted it to you on level 4 of the Vaults)
 48702 | Vaults:4 | Received a gift from Sif Muna
 49753 | Vaults:3 | Found Jovijuad's Assorted Antiques.
 49758 | Vaults:3 | Bought a scroll of blinking for 217 gold pieces
 49758 | Vaults:3 | Bought a scroll labeled OWAILI VEMPU for 29 gold pieces
 49758 | Vaults:3 | Bought a scroll of immolation for 101 gold pieces
 49758 | Vaults:3 | Bought 2 potions of invisibility for 464 gold pieces
 49758 | Vaults:3 | Bought a runed triple sword for 377 gold pieces
 49799 | Vaults:3 | Found Waipaun's Assorted Antiques.
 49807 | Vaults:3 | Bought a scroll of teleportation for 132 gold pieces
 49842 | Vaults:3 | Found a staircase to the Crypt.
 49920 | Crypt:1  | Entered Level 1 of the Crypt
 50379 | Crypt:1  | Found a huge runed translucent gate.
 50380 | Crypt:1  | Found a huge runed translucent gate.
 50380 | Crypt:1  | Found a huge runed translucent gate.
 50380 | Crypt:1  | Found a huge runed translucent gate.
 50380 | Crypt:1  | Found a huge runed translucent gate.
 50380 | Crypt:1  | Found a huge runed translucent gate.
 50381 | Crypt:1  | Found a huge runed translucent gate.
 50381 | Crypt:1  | Found a huge runed translucent gate.
 50381 | Crypt:1  | Found a huge runed translucent gate.
 50421 | Crypt:1  | HP: 5/145 [jiangshi (21)]
 50421 | Crypt:1  | Mangled by a vampire knight

Illustrated notes

Levels and vault maps discovered:
D:1:      evilmike_arrival_rings, layout_loops_cross
D:2:      layout_basic, tgw_trog, uniq_robin, uniq_terence
D:3:      layout_basic, chequers_ecumenical_altar_grove, minmay_door_square,
          kennysheep_doodads, minivault_23
D:4:      layout_basic, cheibriados_altar_1, ebering_ghost_inner_flame
D:5:      layout_rooms, grunt_temple_overflow_open, temple_statues,
          serial_shops, kennysheep_mini, serial_bayou_crossing
D:6:      layout_basic, nicolae_overflow_hidden_temple
D:7:      layout_basic, serial_shops, shop, st_stairs_9,
          hangedman_decor_peaks_small
D:8:      wander_guarded_unrand_ratskin, layout_cave_pools, serial_shops, shop,
          nicolae_shop_stone, nicolae_shop_temple_entry_statues_fountains,
          nicolae_shop_stone, uniq_prince_ribbit1
D:9:      layout_basic, nicolae_qazlal_eye_of_the_storm
D:10:     layout_layer_cave
D:11:     layout_rooms, lair_entry_dummy
D:12:     cheibrodos_lost_city_excavation, layout_basic, orc_david_3,
          wad_dig_loot
D:13:     layout_gridville, grunt_vaults_entry_tiered, serial_glass,
          glass_columns_c, glass_columns_c, lemuel_nasty_fountain
D:14:     layout_irregular_city, minivault_24, minmay_shop_grid_forest
Lair:1:   layout_cave_pods, grunt_megastairs_3, uniq_urug, uniq_erica
Lair:2:   layout_concentric_octagons, spider_nest_entry_webs, basic_altar,
          st_stairs_9, worms_lemuel
Lair:3:   layout_regular_city, ebering_ghost_funeral_grove
Lair:4:   layout_long_grid, swamp_mist
Lair:5:   layout_regular_city, dpeg_slime_entry_corner,
          minmay_lair_oklob_chamber, grunt_megastairs_4, serial_bayou_shore_b,
          infiniplex_staircase_pool_2, serial_bayou_shore_b
Lair:6:   cheibrodos_lair_end_hotspot, layout_layer_cave
Swamp:1:  layout_basic_swamp, evilmike_swamp_ruin_wall, swamp_pool5,
          nicolae_swamp_baby_hydras
Swamp:2:  layout_basic_swamp, nicolae_swamp_round_clearing, swamp_pool4,
          uniq_aizul, uniq_jorgrun, uniq_kirke
Swamp:3:  layout_basic_swamp, gammafunk_ghost_grave,
          evilmike_swamp_ruin_house_3, uniq_donald
Swamp:4:  grunt_swamp_rune_castle, layout_basic_swamp, swamp_pool2, uniq_roxanne
Spider:1: layout_chambers, uniq_frances
Spider:2: layout_spider_delve, uniq_asterion
Spider:3: layout_spider_delve, portal_ice_cave_entry_ice_statue_two,
          hangedman_spider_tarantella_strand, uniq_mara
Spider:4: guppyfry_spider_rune
Slime:1:  layout_caves, nicolae_slime_phagocytosis
Slime:2:  layout_caves, uniq_dissolution
Slime:3:  layout_caves, cheibrodos_slime_lost_civilization_5
Slime:4:  layout_caves
Slime:5
Orc:1:    layout_caves, serial_shops, shop, uniq_fannar
Orc:2:    st_orc_congregation, layout_diamond_mine, guppyfry_library_mini,
          uniq_saint_roka
Vaults:1: hangedman_vaults_restitches, v_misc_12, hangedman_vaults_maws,
          vaults_room_semicircle, vaults_mumra_minichess,
          nicolae_vaults_diagonal_hallway_8, nicolae_vaults_mini_display_case,
          vaults_dpeg_ring, layout_vaults_quadrants
Vaults:2: v_misc_16, vaults_room_pools, v_misc_14, sword_in_stone, v_misc_17,
          hangedman_vaults_cutoff, vaults_room_large_hall,
          nicolae_vaults_arrows, grunt_vaults_hallway_short,
          layout_vaults_maze_bifur, serial_shops, shop
Vaults:3: v_misc_8, minmay_crypt_entry_simple_plaza, vaults_room_corners,
          v_misc_13, ontoclasm_vaults_misaligned, hangedman_vaults_restitches,
          nicolae_vaults_what_the_h, nicolae_vaults_windows_and_doors_thing,
          hangedman_vaults_stitches, grunt_vaults_twisty, vaults_mumra_lcd,
          ontoclasm_vaults_loading_screen, layout_vaults_omnicross,
          serial_shops, nicolae_shop_stone, shop
Vaults:4: v_misc_1, nicolae_vaults_meeting, hangedman_vaults_maws,
          ontoclasm_vaults_fault, v_misc_28, hangedman_vaults_impose, v_rooms_5,
          grunt_vaults_swirl, nicolae_vaults_ring_of_whatevers,
          nicolae_vaults_little_squares_6, vaults_room_pools,
          layout_vaults_omnibox
Crypt:1:  cheibrodos_crypt_3hun_7po, layout_chaotic_city, hex_large,
          pandoras_box_mu, grunt_crypt_arrival_webbed

Skill      XL: |  1  2  3  4  5  6  7  8  9 10 11 12 13 14 15 16 17 18 19 20 |
---------------+-------------------------------------------------------------+-----
Conjurations   | 2 8 10 | 10.0
Air Magic      | 3 4 6 7 9 11 | 11.0
Short Blades   | 1 2 |  2.4
Spellcasting   | 3 5 7 9 10 11 13 14 | 14.5
Fighting       | 2 8 9 |  9.5
Ice Magic      | 5 7 9 |  9.6
Evocations     | 1 4 8 |  8.0
Stealth        | 4 |  4.5
Dodging        | 6 8 11 | 11.3
Invocations    | 8 12 15 | 15.0
Polearms       | 5 7 |  7.0
Summonings     | 5 9 |  9.4
Translocations | 4 |  4.1
Axes           | 5 11 13 15 | 15.6
Transmutations | 5 |  5.3

Action                   |  1- 3 |  4- 6 |  7- 9 | 10-12 | 13-15 | 16-18 | 19-21 || total
-------------------------+-------+-------+-------+-------+-------+-------+-------++-------
Melee: Short sword       |    23 |    17 |       |       |       |       |       ||    40
       Dagger            |       |     2 |   103 |   132 |    18 |       |       ||   255
       Staff             |       |       |       |     9 |    12 |       |       ||    21
       Spear             |       |       |       |       |   218 |    31 |       ||   249
       Broad axe         |       |       |       |       |    32 |   642 |   539 ||  1213
       Kick              |       |       |       |       |       |    40 |       ||    40
       Demon trident     |       |       |       |       |       |    10 |       ||    10
       Peck              |       |       |       |       |       |     1 |   113 ||   114
Throw: Dart              |       |    17 |       |     1 |       |       |       ||    18
       Boomerang         |       |     2 |     8 |       |       |       |       ||    10
       Javelin           |       |       |       |       |     5 |     7 |     1 ||    13
 Cast: Shock             |    37 |    60 |   168 |   279 |   339 |    72 |       ||   955
       Swiftness         |       |     1 |       |       |       |     1 |       ||     2
       Airstrike         |       |       |    12 |   102 |   258 |    95 |    17 ||   484
       Static Discharge  |       |       |       |    24 |    24 |       |       ||    48
       Ozocubu's Armour  |       |       |       |     7 |    11 |    67 |    26 ||   111
       Freezing Cloud    |       |       |       |     2 |    27 |    31 |     9 ||    69
       Frozen Ramparts   |       |       |       |       |    33 |     7 |     3 ||    43
       Blink             |       |       |       |       |    14 |     4 |     7 ||    25
       Summon Ice Beast  |       |       |       |       |   181 |    23 |       ||   204
       Ensorcelled Hiber |       |       |       |       |     2 |       |       ||     2
       Irradiate         |       |       |       |       |     7 |    52 |    62 ||   121
       Tornado           |       |       |       |       |     1 |     2 |     1 ||     4
       Chain Lightning   |       |       |       |       |     1 |       |       ||     1
       Dragon's Call     |       |       |       |       |       |     4 |     4 ||     8
       Apportation       |       |       |       |       |       |     1 |       ||     1
       Shadow Creatures  |       |       |       |       |       |       |     2 ||     2
Invok: Divine Exegesis   |       |       |       |     2 |     4 |     6 |     5 ||    17
       Channel Magic     |       |       |       |       |    11 |     5 |     2 ||    18
Evoke: Wand              |       |       |     5 |     8 |     3 |       |       ||    16
       Box of beasts     |       |       |     1 |     5 |    10 |     2 |     2 ||    20
       Lightning rod     |       |       |       |       |     9 |     4 |     1 ||    14
       Tin of tremorston |       |       |       |       |     4 |     2 |     1 ||     7
       Condenser vane    |       |       |       |       |     9 |     5 |     7 ||    21
  Use: Scroll            |       |     4 |     2 |    12 |    10 |    19 |     7 ||    54
       Potion            |       |     4 |       |       |     9 |    11 |     5 ||    29
 Stab: Sleeping          |     2 |     2 |     7 |     7 |     3 |     3 |     3 ||    27
       Paralysed         |       |       |       |    18 |       |       |       ||    18
       Invisible         |       |       |       |       |     2 |       |       ||     2
       Distracted        |       |       |       |       |     3 |     4 |     6 ||    13
Armor: Robe              |     9 |    18 |    15 |    36 |    38 |   339 |   140 ||   595
Dodge: Dodged            |    20 |    44 |    84 |   187 |   346 |   683 |   456 ||  1820
       Repelled          |       |     1 |       |       |    10 |    30 |     6 ||    47

Table legend: (Time is in decaauts)
 A = Elapsed time spent in this place.
 B = Non-inter-level travel time spent in this place.
 C = Inter-level travel time spent in this place.
 D = Time resting spent in this place.
 E = Time spent auto-exploring this place.
 F = Levels seen in this place.
 G = Mean time per level.
                   A        B        C        D        E       F      G
               +--------+--------+--------+--------+--------+-----+--------+
         Total |  50416 |  47839 |   2577 |  11704 |  24194 |  41 | 1229.7 |
       Dungeon |  18206 |  17124 |   1082 |   3054 |  10535 |  14 | 1300.4 |
          Lair |  11539 |  10788 |    751 |   3043 |   6119 |   6 | 1923.2 |
         Swamp |   5386 |   5116 |    270 |   1792 |   2227 |   4 | 1346.5 |
   Spider Nest |   3519 |   3346 |    173 |    517 |   1623 |   4 |  879.8 |
    Slime Pits |   3078 |   3008 |     70 |   1627 |    346 |   5 |  615.6 |
  Orcish Mines |   2785 |   2648 |    137 |    697 |   1057 |   2 | 1392.5 |
        Vaults |   4005 |   3913 |     92 |    351 |   1841 |   4 | 1001.2 |
         Crypt |    496 |    496 |      0 |     51 |    309 |   1 |  496.0 |
      Ice Cave |   1398 |   1398 |      0 |    570 |    135 |   1 | 1398.0 |
               +--------+--------+--------+--------+--------+-----+--------+

Top non-repeatable levels by time:
  Lair:6: 3710 daAuts
    D:12: 2661 daAuts
 Swamp:3: 2368 daAuts
    D:13: 2017 daAuts
   Orc:2: 1844 daAuts
     D:9: 1799 daAuts
    D:10: 1772 daAuts
     D:4: 1770 daAuts
  Lair:3: 1712 daAuts
  Lair:4: 1629 daAuts
  Lair:2: 1619 daAuts
  Lair:1: 1600 daAuts
Vaults:3: 1530 daAuts
Vaults:4: 1495 daAuts
 Swamp:1: 1484 daAuts
